 Dungeon Crawl Stone Soup version 0.16.1-51-g6203257 (webtiles) character file.

55 swede08 the Firebug (level 3, 0/19 HPs)
             Began as a Deep Elf Fire Elementalist on July 13, 2015.
             Was an Initiate of Vehumet.
             Succumbed to an adder's poison
             ... on level 2 of the Dungeon.
             The game lasted 00:07:36 (902 turns).

swede08 the Firebug (Deep Elf Fire Elementalist)     Turns: 902, Time: 00:07:36

Health: 0/19       AC:  3    Str: 10    XL:     3   Next: 67%
Magic:  3/11       EV: 13    Int: 20    God:    Vehumet [......]
Gold:   49         SH:  0    Dex: 15    Spells: 2 memorised, 6 levels left

rFire  . . .     SeeInvis .     j - +0 short sword
rCold  . . .     Clarity  .     i - +0 robe
rNeg   . . .     SustAb   .     (no shield)
rPois  .         Gourm    .     (no helmet)
rElec  .         Spirit   .     d - +0 cloak
rCorr  .         Warding  .     (no gloves)
rMut   .         Stasis   .     (no boots)
MR     .....                    (no amulet)
Stlth  ++........               (no ring)
                                e - +5 ring of strength

@: lethally poisoned (0 -> -4), not resistant to hostile enchantments,
unstealthy
A: no striking features
a: Renounce Religion


You were on level 2 of the Dungeon.
You worshipped Vehumet.
Vehumet was noncommittal.
You were full.

You visited 1 branch of the dungeon, and saw 2 of its levels.

You collected 49 gold pieces.

Inventory:

Hand weapons
 j - a +0 short sword (weapon)
Armour
 a - a +0 robe
 d - a +0 cloak (worn)
 i - a +0 robe (worn)
Jewellery
 e - a +5 ring of strength (left hand)
Books
 b - a book of Flames

   Spells                             Type                      Level
   a - Flame Tongue                   Conjuration/Fire             1
   b - Throw Flame                    Conjuration/Fire             2
   c - Conjure Flame                  Conjuration/Fire             3
   d - Inner Flame                    Hexes/Fire                   3
   e - Sticky Flame                   Conjuration/Fire             4
   f - Fireball                       Conjuration/Fire             5
Comestibles
 f - a slice of pizza


   Skills:
 - Level 0.1 Fighting
 * Level 1.0 Short Blades
 + Level 3.3 Dodging
 + Level 2.4 Stealth
 + Level 3.5 Spellcasting
 + Level 1.4 Conjurations
 + Level 4.0 Fire Magic


You had 6 spell levels left.
You knew the following spells:

 Your Spells              Type           Power        Failure   Level  Hunger
a - Flame Tongue          Conj/Fire      ##...        4%          1    None
b - Throw Flame           Conj/Fire      ##....       10%         2    ##.....


Dungeon Overview and Level Annotations

Branches:
Dungeon (2/15)

Altars:
Nemelex Xobeh
Vehumet


Message History

As you read the scroll labeled PIAD ERROISHY, it crumbles to dust.
The air around you briefly surges with heat, but it dissipates.
It was a scroll of immolation.
* * * LOW HITPOINT WARNING * * *
You feel sick.
Read which item? (? for menu, Esc to quit)
As you read the scroll labeled TWUAXA DUF RARPH, it crumbles to dust.
It is a scroll of identify.
You don't have any unidentified items.
* * * LOW HITPOINT WARNING * * *
You feel sick.
Eat which item? (? for menu, Esc to quit)
You continue eating. x2
You finish eating.
That bread ration really hit the spot!
There is a lethal amount of poison in your body!
* * * LOW HITPOINT WARNING * * *
You feel sick.
A giant gecko and a kobold come into view.
Found a stone staircase leading down.
You die...

####........#...###...#***
##.##.###.<#.#..##*##...**,
##...#.###.........,,.....,,
##..........#........,......,
#..)....######.......,.......
#.......# ##......>.......,
#.......# ##.......l....,,,,
##......####....(.....,,,,,,,
##...#.....@.#K#.....,,,,,,,
##........###,#,#*.,,,,,,,,
*#.....#....##...#**,,,,,*,,
**#..#...........#,,*****,****
***..............###*,,***,,*,,,
**,,,................,,,,,,,,,,**
,,,,,,##..........####*,,,******
,,,****#..........#*,,,,,,* ****
**** **...._...##*,,,,,,* **,,,


There were no monsters in sight!

Vanquished Creatures
  2 adders (D:2)
  A giant mite (D:1)
  A worm (D:2)
  4 bats (D:1)
  A giant cockroach (D:1)
  5 hobgoblins
  3 jackals (D:1)
  A kobold (D:2)
  4 goblins (D:1)
  3 rats (D:1)
25 creatures vanquished.

Notes
Turn   | Place    | Note
--------------------------------------------------------------
     0 | D:1      | swede08, the Deep Elf Fire Elementalist, began the quest for the Orb.
     0 | D:1      | Reached XP level 1. HP: 10/10 MP: 5/5
   309 | D:1      | Reached XP level 2. HP: 13/15 MP: 0/8
   481 | D:1      | Reached skill level 4 in Fire Magic
   775 | D:2      | Found a radiant altar of Vehumet.
   784 | D:2      | Became a worshipper of Vehumet
   788 | D:2      | Learned a level 2 spell: Throw Flame
   813 | D:2      | Reached XP level 3. HP: 10/19 MP: 5/11
   877 | D:2      | Found a sparkling altar of Nemelex Xobeh.
   890 | D:2      | Reached skill level 1 in Short Blades
   902 | D:2      | Succumbed to an adder's poison

Action                   || total
-------------------------++-------
Melee: Dagger            ||    48
       Unarmed           ||     3
       Short sword       ||     2
 Cast: Flame Tongue      ||    32
       Throw Flame       ||     3
  Use: Potion            ||     1
       Scroll            ||     3
 Stab: Sleeping          ||     2
  Eat: Bread ration      ||     1
